 Dungeon Crawl Stone Soup version 0.24-a0-517-gd52e2fb (webtiles) character file.

Game seed: 16832043197023424263

28 sokky the Skirmisher (level 3, 0/24 HPs)
             Began as a Gargoyle Fighter on July 22, 2019.
             Slain by a worm (6 damage)
             ... on level 1 of the Dungeon.
             The game lasted 00:00:45 (84 turns).

sokky the Skirmisher (Gargoyle Fighter)               Turns: 84, Time: 00:00:45

Health: 0/24       AC: 10    Str: 19    XL:     3   Next: 12%
Magic:  3/3        EV:  7    Int:  8    God:
Gold:   0          SH:  9    Dex: 10    Spells: 2/2 levels left

rFire    . . .     SeeInvis .   a - +0 flail
rCold    . . .     Gourm    .   c - +0 shield
rNeg     + . .     Faith    .   b - +0 scale mail
rPois    ∞         Spirit   .   (no helmet)
rElec    +         Reflect  .   (no cloak)
rCorr    .         Harm     .   (no gloves)
MR       .....                  (no boots)
Stlth    ..........             (no amulet)
HPRegen  0.08/turn              (no ring)
MPRegen  0.08/turn              (no ring)

@: no status effects
A: negative energy resistance 1, electricity resistance, unbreathing,
petrification resistance, rot immunity, AC +3
a: no special abilities


You were on level 1 of the Dungeon.
You were not hungry.

You visited 1 branch of the dungeon, and saw 1 of its levels.

Inventory:

Hand Weapons
 a - a +0 flail (weapon)
Armour
 b - a +0 scale mail (worn)
 c - a +0 shield (worn)
Potions
 d - a potion of might
Comestibles
 f - a ration


   Skills:
 + Level 3.7 Fighting
 + Level 2.3 Maces & Flails
 + Level 3.6 Armour
 + Level 0.2 Dodging
 + Level 3.6 Shields


You had 2 spell levels left.
You didn't know any spells.
Your spell library was empty.

Dungeon Overview and Level Annotations

Branches:
Dungeon (1/15)

Altars:


Innate Abilities, Weirdness & Mutations

You are resistant to torment.
Your stone body is resilient. (AC +3)
You are immune to poison.
You resist negative energy. (rN+)
You are resistant to electric shocks. (rElec)
You can survive without breathing.
You are immune to petrification.
You are immune to rotting.


Message History

There is a fountain of clear blue water here.
Your shield and scale mail prevent you from hitting the rat.
You block the worm's attack. The rat bites you but does no damage.
You closely miss the rat. The rat bites you but does no damage.
You block the worm's attack. The rat bites you but does no damage.
You barely miss the rat. The rat bites you but does no damage.
The worm bites you but does no damage.
You sock the rat!
You kill the rat!
You block the worm's attack.
There is a fountain of clear blue water here.
You see here a rat corpse.
The worm completely misses you.
There is a stone staircase leading down here.
The worm bites you but does no damage. The worm bites you but does no damage.
You thump the worm!
The worm is moderately wounded.
The worm bites you.
You die...

###############
#.............#
#.............#
#.............#
#######†#######
#........†.(..#
+⌠....###....⌠+
#..@...<......#
#..w...>...†..#
###+#######+###


You could see a worm.

Vanquished Creatures
  4 oozes (D:1)
  A giant cockroach (D:1)
  4 jackals (D:1)
  A rat (D:1)
10 creatures vanquished.

Notes
Turn   | Place    | Note
-------+----------+-------------------------------------------
     0 | D:1      | sokky the Gargoyle Fighter began the quest for the Orb.
     0 | D:1      | Reached XP level 1. HP: 14/14 MP: 1/1
     1 | D:1      | Found a runed translucent door.
    14 | D:1      | Reached XP level 2. HP: 18/19 MP: 2/2
    32 | D:1      | Reached XP level 3. HP: 3/24 MP: 3/3
    84 | D:1      | Slain by a worm

Levels and vault maps discovered:
D:1:      dpeg_arrival_caged_fury, layout_basic, st_stairs_7,
          minmay_misc_feat_nine_boxes, hangedman_decor_clover_reticule,
          minmay_misc_feat_encased

Action                   || total
-------------------------++-------
Melee: Flail             ||    34
Armor: Scale mail        ||    51
Dodge: Dodged            ||    34
Block: Shield            ||    37

Table legend:
 A = Non-vault XP
 B = Vault XP
 C = Vault XP percentage of total XP
 D = Non-vault monster count
 E = Vault monster count
 F = Vault count percentage of total count
                 A         B        C        D         E       F
            +---------+---------+-------+---------+---------+-------
      Total |       0 |      40 | 100.0 |       0 |      10 | 100.0
            +---------+---------+-------+---------+---------+-------
        D:1 |       0 |      40 | 100.0 |       0 |      10 | 100.0
            +---------+---------+-------+---------+---------+-------
